 Dungeon Crawl Stone Soup version 0.17-a0-1642-gd4b747b (webtiles) character file.

204 KINGKRU the Chopper (level 5, -3/47 HPs)
             Began as a Hill Orc Berserker on Aug 11, 2015.
             Was a Priest of Trog.
             Killed from afar by an orc wizard (6 damage)
             ... with a magic dart
             ... on level 3 of the Dungeon.
             The game lasted 00:21:02 (2847 turns).

KINGKRU the Chopper (Hill Orc Berserker)            Turns: 2847, Time: 00:21:02

Health: -3/47      AC:  5    Str: 21    XL:     5   Next: 82%
Magic:  5/5        EV: 11    Int:  7    God:    Trog [***...]
Gold:   71         SH:  0    Dex: 10    Spells: 0 memorised, 4 levels left

rFire  . . .     SeeInvis .     a - +0 hand axe
rCold  . . .     Clarity  .     e - +0 ring mail
rNeg   . . .     SustAt   .     (no shield)
rPois  .         Gourm    .     (no helmet)
rElec  .         Spirit   .     (no cloak)
rCorr  .         Warding  .     (no gloves)
rMut   .         Stasis   .     (no boots)
MR     .....                    (no amulet)
Stlth  +.........               (no ring)
                                (no ring)

@: not resistant to hostile enchantments, very unstealthy
A: no striking features
a: Burn Spellbooks, Berserk, Trog's Hand, Renounce Religion


You were on level 3 of the Dungeon.
You worshipped Trog.
Trog was most pleased with you.
You were very hungry.

You visited 1 branch of the dungeon, and saw 3 of its levels.

You collected 71 gold pieces.

Inventory:

Hand weapons
 a - a +0 hand axe (weapon)
Armour
 b - a +0 animal skin
 e - a +0 ring mail (worn)
 i - a +0 chain mail
Scrolls
 h - 3 scrolls of recharging
Potions
 d - a potion of brilliance {unknown}
 f - 2 potions of mutation {unknown}
 g - a potion of lignification {unknown}
 j - a potion of curing {unknown}
Comestibles
 c - a bread ration


   Skills:
 + Level 4.7 Fighting
 + Level 5.0 Axes
 + Level 3.4 Armour
 + Level 3.1 Dodging
 + Level 0.5 Stealth


You had 4 spell levels left.
You didn't know any spells.

Dungeon Overview and Level Annotations

Branches:
Dungeon (3/15)

Altars:
Kikubaaqudgha
Okawaru
Yredelemnul


Message History

Trog accepts your kill.
Things that are here:
a chain mail; an orc corpse
i - a chain mail You feel less exhausted.
Items here: ))) [ †† You see here a quokka corpse.
A magic dart appears from out of thin air!
The magic dart hits you!
* * * LOW HITPOINT WARNING * * *
A magic dart appears from out of thin air!
The magic dart hits you!
* * * LOW HITPOINT WARNING * * *
You see here a trident.
A puff of flame appears from out of thin air!
The puff of flame misses you.
You hear some strange, mumbled words.
A magic dart appears from out of thin air!
The magic dart hits you!
You die...

##.# ... #........ ...
..r ..####... #.# #.##
######... ##.###..
........#
##...##.###########.#
#####.....#..)......†)†.#
............############.
#####.....### ##### #.
##..@########...# #.
##.............# #.
###########...# #.
##.#####. #.......
########


There were no monsters in sight!

Vanquished Creatures
  The ghost of luzzunton the Cudgeler, a weakling OgBe of Trog (D:3)
  An orc priest (D:3)
  A worker ant (D:3)
  2 adders
  An ooze (D:3)
  2 worms (D:2)
  2 giant geckos
  3 orcs (D:3)
  3 giant cockroaches
  6 hobgoblins
  3 kobolds
  2 ball pythons
  9 bats
  7 giant newts
  8 goblins
  5 jackals
  3 quokkas
  13 rats
72 creatures vanquished.

Notes
Turn   | Place    | Note
--------------------------------------------------------------
     0 | D:1      | KINGKRU the Hill Orc Berserker began the quest for the Orb.
     0 | D:1      | Reached XP level 1. HP: 19/19 MP: 1/1
   161 | D:1      | Reached XP level 2. HP: 17/27 MP: 2/2
   585 | D:1      | Acquired Trog's second power
   705 | D:2      | Reached XP level 3. HP: 23/34 MP: 3/3
   952 | D:2      | Found a basalt altar of Yredelemnul.
  1711 | D:2      | Reached XP level 4. HP: 25/41 MP: 4/4
  1993 | D:3      | Noticed luzzunton's ghost (weakling OgBe)
  2220 | D:3      | Killed luzzunton's ghost
  2220 | D:3      | Reached XP level 5. HP: 47/47 MP: 5/5
  2413 | D:3      | Reached skill level 5 in Axes
  2668 | D:3      | Found an iron altar of Okawaru.
  2668 | D:3      | Found an ancient bone altar of Kikubaaqudgha.
  2837 | D:3      | HP: 1/47 [something/magic dart (5)]
  2847 | D:3      | Killed from afar by an orc wizard

Vault maps used:
D:1:      dpeg_arrival_tiny_k
D:2:      lemuel_doored_altar
D:3:      gammafunk_temple_overflow_wave, uniq_iyjb

Action                   |  1- 3 |  4- 6 || total
-------------------------+-------+-------++-------
Melee: Hand axe          |   162 |   133 ||   295
Invok: Berserk           |     1 |     2 ||     3
       Trog's Hand       |     1 |       ||     1
       Burn Spellbooks   |       |     1 ||     1
  Use: Scroll            |     3 |     1 ||     4
       Potion            |     1 |       ||     1
  Eat: Fruit             |     3 |       ||     3
       Pizza             |     1 |       ||     1
       Bread ration      |       |     1 ||     1
